 Dungeon Crawl Stone Soup version 0.31-a0-931-g7b59d4eb97 (webtiles) character file.

Game seed: 5417210498731985467

55 LeprechaunX the Changeling (level 3, 0/24 HPs)
             Began as an Octopode Shapeshifter on Oct 19, 2023.
             Slain by a hobgoblin (5 damage)
             ... led by Robin
             ... on level 4 of the Dungeon.
             The game lasted 00:01:55 (1560 turns).

LeprechaunX the Changeling (Octopode Shapeshifter)  Turns: 1560, Time: 00:01:55

Health: 0/24       AC:  1    Str: 15    XL:     3   Next: 93%
Magic:  3/3        EV: 13    Int: 18    God:
Gold:   67         SH:  0    Dex: 11    Spells: 2/2 levels left

rFire   . .          .
                       - Unarmed
rCold   . . .        (no shield)
rNeg    . . .        (helmet currently unavailable)
rPois   .            (no amulet)
rElec   .            g - +6 ring of intelligence
rCorr   .            (no ring)
SInv    .            (no ring)
Will    .....        (no ring)
Stlth   ++           (no ring)
HPRegen 0.24/turn    (no ring)
MPRegen 0.08/turn    (no ring)
                     (no ring)

%: no passive effects
@: beast-form
A: beast (slay +2), almost no armour, amphibious, 8 rings, camouflage 1,
gelatinous body 1, (nimble swimmer 1), tentacles
a: Begin Untransformation


You were on level 4 of the Dungeon.
You were a hulking beast.
You visited 1 branch of the dungeon, and saw 4 of its levels.

You collected 67 gold pieces.

Inventory:

Hand Weapons
 a - a +0 sling
Jewellery
 g - a +6 ring of intelligence (left tentacle)
 l - a ring of flight
Talismans
 b - a beast talisman (active)
 c - a flux talisman
Scrolls
 d - 3 scrolls of fear {unknown}
 h - 3 scrolls of identify {unknown}
 i - 2 scrolls of amnesia {unknown}
 k - a scroll of fog {unknown}
 m - a scroll of enchant weapon {unknown}
 n - 2 scrolls of revelation {unknown}
Potions
 e - 4 potions of lignification
 f - 2 potions of curing {unknown}
 j - a potion of might {unknown}


   Skills:
 + Level 1.6 Fighting
 + Level 1.0 Ranged Weapons
 + Level 2.3 Dodging
 + Level 3.3 Unarmed Combat
 * Level 3.5 Shapeshifting


You had 2 spell levels left.
You didn't know any spells.
Your spell library contained the following spells:

 Spells                   Type           Power      Damage    Failure   Level
 Slow                     Hex            0%         N/A       22%         1
 Confusing Touch          Hex            0%         N/A       54%         3
 Sigil of Binding         Hex            0%         N/A       54%         3
 Vampiric Draining        Necr           0%         2d6       54%         3
 Summon Forest            Summ/Tloc      0%         N/A       99%         5
 Eringya's Noxious Bog    Tmut/Pois      0%         4d6       100%        6
 Summon Hydra             Summ           0%         N/A       100%        7


Dungeon Overview and Level Annotations

Branches:
Dungeon (3/15)

Altars:
Gozag
Okawaru

Annotations:
D:2 1 runed translucent door, Crazy Yiuf


Innate Abilities, Weirdness & Mutations

You are a hulking beast.
Your limbs bulge with bestial killing power. (Slay +2)
You cannot wear most types of armour.
You are amphibious.
You can wear up to eight rings at the same time.
Your skin changes colour to match your surroundings (Stealth+).
Your rubbery body absorbs attacks. (AC +1, EV +1)
((You are camouflaged when in or above water. (Stealth+)))
You have tentacles for arms and can constrict up to eight enemies at once.


Message History

Robin hits you but does no damage.
A hobgoblin and 2 goblins come into view.
Robin roars a battlecry!
The goblins go into a battle-frenzy!
The goblin shouts!
Items here: ))) ††.
You tentacle-slap Robin but do no damage.
You grab Robin. You squeeze Robin.
Robin is moderately wounded.
You constrict Robin, but do no damage.
A goblin comes into view. It is wielding a +0 club.
Robin throws the goblin at you!
You tentacle-slap Robin. You squeeze Robin!
You kill Robin!
The goblin barely misses you.
Your Ranged Weapons skill increases to level 1!
Unknown command.
You tentacle-slap the goblin.
You kill the goblin!
A goblin comes into view. It is wielding a +0 club.
Unknown command.
You closely miss the goblin. You grab the goblin. You constrict the goblin.
The goblin hits you with a +0 dagger.
* * * LOW HITPOINT WARNING * * *
Unknown command.
You barely miss the goblin.
The goblin is heavily wounded.
You constrict the goblin. The goblin misses you. The goblin barely misses you.
You barely miss the goblin.
The goblin is severely wounded.
You constrict the goblin.
You kill the goblin!
Unknown command.
You closely miss the goblin. Your grab misses the goblin.
The goblin hits you with a +0 club.
* * * LOW HITPOINT WARNING * * *
You tentacle-slap the goblin.
You kill the goblin!
The hobgoblin hits you.
You die...

...## ###
#...##
##.###....
#...##...
#gh)##..#
#g)#).#..#
#.###.#..#
... #....#
##. ##...#
#. #.### #
###


You could see a hobgoblin (strong) and a goblin.

Vanquished Creatures
  Robin (D:4)
  A worm (D:2)
  A bat (D:2)
  4 endoplasms
  16 goblins
  3 hobgoblins
  3 kobolds (D:2)
  2 ball pythons
  2 frilled lizards
  2 rats
35 creatures vanquished.

Notes
Turn   | Place    | Note
-------+----------+-------------------------------------------
     0 | D:1      | LeprechaunX the Octopode Shapeshifter began the quest for
                  | the Orb.
     0 | D:1      | Reached XP level 1. HP: 13/13 MP: 1/1
   256 | D:1      | Reached XP level 2. HP: 18/18 MP: 2/2
   491 | D:1      | Found a faded altar of an unknown god.
  1062 | D:2      | Reached XP level 3. HP: 23/23 MP: 3/3
  1298 | D:2      | Found a runed translucent door.
  1299 | D:2      | Noticed Crazy Yiuf
  1508 | D:3      | Found an opulent altar of Gozag.
  1511 | D:3      | Found an iron altar of Okawaru.
  1536 | D:3      | You fall into a shaft and drop 1 floor!
  1550 | D:4      | Noticed Robin
  1554 | D:4      | Killed Robin
  1555 | D:4      | Reached skill level 1 in Ranged Weapons
  1560 | D:4      | Slain by a hobgoblin

Illustrated notes

Levels and vault maps discovered:
D:1:      scummos_arrival_star, layout_loops_ring,
          shapermc_ecumenical_altar_pompeii, kennysheep_doodads,
          serial_bayou_lagoon_a, minmay_bisected
D:2:      layout_basic, skrybe_limestone_x, minmay_small_reverse_x,
          uniq_crazy_yiuf_cottage
D:3:      layout_loops_ring, minitemple, uniq_grinder, uniq_jessica
D:4:      layout_rooms, mainiacjoe_overflow_concentric_impassable,
          serial_curves, eino_curves_04, eino_curves_03, serial_shops,
          nicolae_lakefront_shop, roderic_roman_lattice, supply_closet_lemuel,
          uniq_robin

Skill      XL: |  1  2  3 |
---------------+----------+-----
Ranged Weapons | 1 |  1.0
Fighting       | |  1.6
Dodging        | |  2.3
Unarmed Combat | |  3.3
Shapeshifting  | |  3.5

Action                     || total
---------------------------++-------
  Melee: Unarmed           ||    65
         Constrict         ||    19
         Tentacles         ||    12
         Punch             ||     2
   Stab: Sleeping          ||     7
 Armour: Skin              ||    27
  Dodge: Dodged            ||    24

Table legend: (Time is in decaauts)
 A = Elapsed time spent in this place.
 B = Non-inter-level travel time spent in this place.
 C = Inter-level travel time spent in this place.
 D = Time resting spent in this place.
 E = Time spent auto-exploring this place.
 F = Levels seen in this place.
 G = Mean time per level.
                   A        B        C        D        E       F      G
               +--------+--------+--------+--------+--------+-----+--------+
         Total |   1554 |   1409 |    145 |      0 |   1174 |   4 |  388.5 |
       Dungeon |   1554 |   1409 |    145 |      0 |   1174 |   4 |  388.5 |
               +--------+--------+--------+--------+--------+-----+--------+

Top non-repeatable levels by time:
     D:2: 721 daAuts
     D:1: 695 daAuts
     D:3: 115 daAuts
     D:4: 22 daAuts
